Map: [ESL] Tropical Sacrifice

Players

Solar - Winner!

  • Race: Zerg Zerg
  • Spawn Location: 7:00

Creator

  • Race: Protoss Protoss
  • Spawn Location: 1:00

Event: DreamHack SC2 Masters 2022 Atlanta (Offline)

VOD

Have the link to the VOD?

Description

Time

  • Played on: Nov. 19, 2022, 12:55 p.m.
  • Length: 12:31

All games in this series

Show
View Real Time Build Order
Export as new Build Order

Solar Zerg - Winner!

Build Orders: Hatch First 

Get SALT Encoding   

  12  0:00  Drone  
  13  0:11  Overlord  
  13  0:17  Drone  
  14  0:31  Drone x2  
  16  0:49  Hatchery  
  15  0:52  Drone  
  15  0:55  Drone  
  17  0:59  Drone  
  18  1:09  Extractor  
  17  1:14  Spawning Pool  
  17  1:17  Drone  
  17  1:21  Drone  
  18  1:28  Drone  
  19  1:40  Drone  
  20  1:52  Overlord  
  20  2:01  Queen x2  
  20  2:02  Zergling x4  
  26  2:11  Drone  
  26  2:12  Drone  
  26  2:13  Metabolic Boost  
  28  2:22  Drone x2  
  30  2:35  Hatchery  
  29  2:38  Drone  
  30  2:45  Queen  
  30  2:48  Overlord  
  32  2:54  Drone x2  
  32  2:56  Drone  
  35  2:58  Drone  
  36  3:08  Drone x2  
  36  3:11  Drone x2  
  40  3:13  Queen  
  40  3:16  Drone  
  43  3:21  Overlord  
  43  3:23  Drone  
  44  3:39  Queen  
  44  3:40  Drone x2  
  48  3:43  Drone x2, Roach Warren  
  48  3:48  Queen  
  49  3:49  Drone  
  49  3:50  Drone x2  
  49  3:54  Zergling x4  
  56  3:57  Spore Crawler  
  56  3:58  Drone  
  56  4:01  Overlord  
  56  4:04  Overlord  
  56  4:06  Zergling x2  
  56  4:07  Zergling x2  
  58  4:10  Overlord  
  58  4:20  Drone x2, Overlord  
  58  4:21  Drone x2  
  62  4:24  Spore Crawler, Drone  
  62  4:25  Zergling x2  
  63  4:32  Overlord  
  63  4:36  Lair, Extractor  
  63  4:37  Zergling x4, Extractor  
  62  4:39  Drone x2  
  62  4:41  Drone  
  62  4:44  Drone  
  67  4:45  Drone  
  67  4:52  Roach x3  
  72  4:57  Drone x2  
  73  5:01  Overlord  
  73  5:04  Baneling Nest  
  73  5:06  Roach  
  73  5:07  Overlord  
  74  5:10  Drone x2  
  74  5:11  Extractor  
  74  5:12  Zergling x2, Roach  
  78  5:16  Roach  
  78  5:17  Zergling x2  
  78  5:19  Overlord  
  78  5:21  Zergling x2  
  82  5:23  Roach  
  82  5:24  Zergling x2  
  82  5:27  Zergling x6  
  88  5:32  Roach x2  
  88  5:34  Glial Reconstitution  
  92  5:38  Overlord  
  92  5:41  Roach  
  94  5:45  Ravager  
  94  5:46  Zergling x8  
  94  5:49  Baneling  
  99  5:51  Baneling, Overlord  
  99  5:53  Baneling  
  99  5:54  Zergling x4  
  101  5:59  Baneling x2  
  101  6:00  Zergling x6  
  101  6:03  Zergling x2, Roach  
  107  6:05  Zergling x2, Baneling  
  107  6:07  Zergling x2  
  107  6:08  Zergling x2  
  107  6:10  Zergling x2  
  109  6:11  Baneling x2  
  109  6:12  Zergling x2  
  109  6:14  Zergling x2  
  109  6:19  Drone x3  
  109  6:21  Overseer  
  109  6:22  Ravager  
  113  6:27  Drone x5  
  113  6:29  Drone  
  113  6:30  Drone  
  113  6:32  Overseer, Drone  
  119  6:36  Drone x2  
  119  6:38  Evolution Chamber  
  119  6:39  Drone  
  121  6:43  Evolution Chamber  
  121  6:46  Ravager  
  121  6:57  Drone  
  121  6:59  Overlord  
  121  7:00  Extractor  
  121  7:01  Overlord  
  120  7:04  Hatchery  
  119  7:11  Drone x2  
  119  7:13  Overlord  
  119  7:14  Zerg Melee Weapons Level 1  
  121  7:16  Zerg Missile Weapons Level 1  
  121  7:17  Overlord x2  
  121  7:19  Drone x3  
  121  7:20  Roach x3  
  130  7:24  Baneling x2  
  130  7:25  Ravager x2  
  130  7:26  Zergling x8  
  136  7:31  Overlord  
  136  7:34  Drone  
  136  7:35  Zergling x6  
  136  7:36  Zergling x6  
  143  7:38  Drone x2  
  143  7:42  Drone  
  146  7:46  Ravager  
  146  7:49  Baneling x10  
  146  7:50  Zergling x4  
  149  7:56  Zergling x2  
  150  7:58  Baneling x5  
  150  7:59  Zergling x12  
  150  8:01  Overseer  
  150  8:02  Zergling x2  
  157  8:09  Centrifugal Hooks  
  157  8:10  Zergling x6  
  160  8:16  Zergling x8  
  164  8:21  Baneling x7  
  164  8:24  Roach  
  164  8:25  Overlord  
  164  8:26  Overlord  
  166  8:28  Drone  
  166  8:29  Drone x3  
  166  8:31  Zergling x6  
  173  8:34  Zergling x2  
  173  8:40  Zergling x4  
  175  8:47  Zergling x8  
  179  8:51  Spine Crawler  
  179  8:54  Drone, Spine Crawler  
  179  8:55  Drone  
  179  8:59  Zergling x18  
  179  9:00  Zergling x2  
  179  9:02  Overlord  
  188  9:14  Zerg Melee Weapons Level 2  
  188  9:15  Zerg Missile Weapons Level 2  
  188  9:19  Baneling x18  
  188  9:20  Zergling x6  
  188  9:21  Zergling x2  
  192  9:24  Zergling x6  
  192  9:31  Zergling x12  
  200  9:33  Hatchery  
  200  9:34  Zergling x2  
  200  9:45  Zergling x22  
  192  9:50  Roach x5  
  192  9:52  Zergling x6  
  172  9:55  Roach x2  
  172  9:56  Roach  
  172  9:59  Roach  
  162  10:02  Roach x3  
  165  10:09  Roach x3  
  165  10:10  Roach  
  161  10:14  Zergling x6  
  161  10:18  Zergling x2  
  161  10:19  Zergling x4  
  158  10:23  Zergling x12  
  158  10:26  Zergling x6  
  161  10:30  Zergling x2  
  161  10:33  Ravager x3  
  161  10:34  Baneling x11  
  161  10:39  Zergling x14  
  168  10:43  Baneling x9  
  168  10:45  Zergling x6  
  168  10:49  Zergling x8  
  171  10:53  Baneling  
  171  10:54  Baneling x5  
  171  10:56  Zergling x10  
  176  10:58  Zergling x2  
  176  11:02  Baneling x5  
  176  11:03  Zergling x4  
  176  11:04  Zergling x2  
  180  11:05  Zergling x2  
  180  11:06  Zergling x2  
  180  11:08  Zergling x4  
  180  11:11  Zergling x2, Baneling x4  
  183  11:12  Zergling x2  
  183  11:16  Zergling x8  
  183  11:17  Baneling x2  
  187  11:22  Zergling x10  
  187  11:24  Baneling x2, Ravager  
  187  11:25  Baneling  
  193  11:29  Baneling x2  
  193  11:31  Zergling x12  
  198  11:38  Zergling x12  
  172  11:40  Zergling x4  
  172  11:43  Zergling x10  
  172  11:46  Roach x2  
  165  11:50  Zergling x8  
  165  11:53  Zergling x8  
  158  11:56  Zergling x6  
  158  12:01  Baneling x9  
  152  12:02  Roach  
  156  12:08  Roach x3  
  156  12:12  Roach x2  
Show
View Real Time Build Order
Export as new Build Order

Creator Protoss 

Build Orders: 1 Gate Expand, Archon Immortal 

Get SALT Encoding   

  12  0:00  Probe  
  13  0:12  Probe  
  14  0:20  Pylon  
  14  0:24  Probe  
  15  0:39  Probe (Chrono Boost)  
  15  0:40  Gateway  
  16  0:48  Probe (Chrono Boost)  
  17  0:50  Assimilator  
  17  0:53  Probe (Chrono Boost)  
  18  1:05  Probe  
  19  1:17  Probe  
  20  1:24  Nexus  
  20  1:34  Cybernetics Core  
  20  1:37  Probe  
  21  1:42  Assimilator  
  21  1:49  Probe  
  21  1:53  Pylon  
  23  2:01  Probe  
  23  2:08  Adept (Chrono Boost)  
  23  2:13  Probe  
  26  2:19  Robotics Facility  
  26  2:22  Warp Gate  
  26  2:25  Probe  
  27  2:31  Stalker  
  27  2:36  Probe (Chrono Boost)  
  30  2:38  Probe (Chrono Boost)  
  31  2:47  Probe (Chrono Boost)  
  31  2:48  Probe (Chrono Boost)  
  33  2:52  Probe (Chrono Boost)  
  33  2:53  Probe (Chrono Boost)  
  35  3:03  Probe  
  35  3:04  Probe  
  37  3:08  Immortal  
  41  3:15  Gateway  
  41  3:18  Probe  
  41  3:19  Sentry  
  44  3:25  Pylon  
  44  3:29  Probe  
  44  3:30  Probe  
  46  3:46  Warp Prism  
  50  3:51  Assimilator  
  50  3:53  Probe  
  50  3:54  Pylon  
  50  3:55  Probe  
  50  3:59  Twilight Council, Forge  
  51  4:19  Gateway  
  51  4:22  Immortal (Chrono Boost), Gateway  
  51  4:25  Charge  
  51  4:30  Pylon  
  55  4:33  Protoss Ground Weapons Level 1  
  54  4:48  Adept  
  54  4:52  Immortal (Chrono Boost)  
  56  4:56  Pylon  
  56  4:59  Zealot  
  63  5:06  Gateway x2  
  62  5:08  Gateway  
  62  5:09  Probe  
  62  5:10  Gateway  
  63  5:14  Probe  
  64  5:21  Probe  
  64  5:22  Sentry  
  64  5:24  Zealot  
  64  5:25  Pylon  
  64  5:26  Probe  
  64  5:27  Observer  
  71  5:33  Probe  
  72  5:38  Probe, Assimilator  
  72  5:39  Pylon  
  72  5:40  Zealot  
  75  5:47  Probe  
  76  5:56  Sentry  
  78  5:57  Probe  
  78  6:00  Templar Archives  
  79  6:05  Zealot  
  79  6:09  Probe  
  81  6:13  Zealot x2  
  80  6:19  Probe  
  80  6:25  Immortal, Probe  
  86  6:27  Nexus  
  86  6:35  Probe  
  86  6:36  Pylon  
  86  6:37  Probe  
  88  6:40  Protoss Ground Weapons Level 2 (Chrono Boost), High Templar x2  
  88  6:45  Archon, Pylon  
  92  6:48  Probe  
  92  6:49  Probe  
  94  7:00  Probe  
  95  7:01  Shield Battery  
  95  7:02  Probe  
  95  7:04  Immortal  
  100  7:12  Probe (Chrono Boost)  
  100  7:14  Probe (Chrono Boost)  
  102  7:15  Zealot  
  102  7:16  Zealot  
  102  7:18  Pylon  
  106  7:25  Probe (Chrono Boost)  
  106  7:26  Probe (Chrono Boost)  
  108  7:32  Probe x2 (Chrono Boost)  
  108  7:36  Pylon  
  110  7:37  Zealot x2, High Templar x2, Pylon  
  110  7:42  Archon  
  110  7:43  Zealot x2  
  122  7:47  Zealot  
  122  7:49  Zealot  
  126  7:55  Probe x3  
  127  7:59  Photon Cannon  
  127  8:04  Immortal, High Templar  
  127  8:05  Zealot x3, High Templar  
  137  8:10  Pylon  
  137  8:11  Archon  
  140  8:20  Assimilator  
  140  8:22  Assimilator  
  140  8:26  Probe x3  
  143  8:28  Photon Cannon  
  143  8:29  Pylon  
  143  8:35  Immortal (Chrono Boost)  
  143  8:38  Shield Battery  
  143  8:48  High Templar x2  
  151  8:51  Protoss Shields Level 1 (Chrono Boost)  
  151  8:53  Zealot, Archon  
  151  8:54  Zealot x5  
  163  8:58  Shield Battery  
  163  9:10  Observer (Chrono Boost)  
  163  9:12  Gateway  
  163  9:14  Gateway  
  164  9:19  Photon Cannon  
  164  9:28  Zealot, High Templar  
  164  9:29  Pylon  
  164  9:35  Pylon  
  162  9:39  Immortal (Chrono Boost)  
  113  9:53  Zealot x2  
  113  9:54  Zealot x5  
  107  10:05  Zealot  
  107  10:11  Immortal  
  105  10:17  Zealot x3  
  105  10:18  Zealot x3  
  105  10:25  Zealot  
  105  10:26  Zealot x2  
  107  10:34  High Templar  
  107  10:39  High Templar  
  107  10:40  High Templar x2  
  113  10:44  Archon x2  
  113  10:45  Zealot, High Templar x2  
  113  10:46  Zealot x3  
  125  10:50  Archon  
  125  10:52  Pylon  
  125  11:07  High Templar  
  125  11:08  Zealot x3, High Templar  
  135  11:12  Archon  
  135  11:17  Stalker x2  
  139  11:22  Stalker x3  
  145  11:29  High Templar  
  145  11:30  Zealot, High Templar  
  151  11:34  Archon  
  123  11:40  Zealot x3  
  123  11:43  Zealot x4  
  91  11:55  Zealot x2  
  91  11:56  Zealot x2  
  99  12:02  High Templar x2  
  99  12:03  Zealot  
  99  12:07  Archon  
  103  12:12  Zealot  
  103  12:13  Zealot  
  99  12:20  Zealot x2  
  75  12:24  Zealot  
  75  12:28  Zealot  
Tags
 
Add a new tag
Caveats
  • Supply blocks, unpowered buildings, or Contaminate may cause inaccurate times.
  • Supply counts are checked every 10 seconds.